 Dungeon Crawl Stone Soup version 0.31-a0-145-g046c7d2549 (webtiles) character file.

Game seed: 796204974754841029

287 mopl the Slasher (level 6, -4/35 HPs)
             Began as a Tengu Warper on June 5, 2023.
             Killed from afar by Blork the orc (12 damage)
             ... with a puff of flame
             ... on level 4 of the Dungeon.
             The game lasted 00:04:22 (2451 turns).

mopl the Slasher (Tengu Warper)                     Turns: 2451, Time: 00:04:23

Health: -4/35      AC:  5    Str: 14    XL:     6   Next: 30%
Magic:  9/11       EV: 13    Int: 13    God:
Gold:   82         SH:  0    Dex: 13    Spells: 3/10 levels left

rFire   . . .        b - +1 dagger (venom)
rCold   . . .        (no shield)
rNeg    . . .        r - +0 ring mail
rPois   .            (helmet restricted)
rElec   .            (no cloak)
rCorr   .            (no gloves)
SInv    .            (boots unavailable)
Will    .....        (no amulet)
Stlth   +            (no ring)
HPRegen 0.25/turn    (no ring)
MPRegen 0.12/turn

%: no passive effects
@: flying quickly and evasively, quick
A: beak, talons 3, nimble flight
a: no special abilities


You were on level 4 of the Dungeon.
You visited 1 branch of the dungeon, and saw 4 of its levels.

You collected 225 gold pieces.
You spent 143 gold pieces at shops.

Inventory:

Hand Weapons
 a - a +0 falchion
 b - a +1 dagger of venom (weapon)
Missiles
 d - 7 boomerangs of dispersal
 h - 2 poisoned darts (quivered)
Armour
 o - a +0 chain mail
 r - a +0 ring mail (worn)
Wands
 p - a wand of charming (6)
Scrolls
 c - 2 scrolls of blinking
 e - 3 scrolls of magic mapping {unknown}
 f - 4 scrolls of teleportation
 j - 2 scrolls of immolation {unknown}
 k - a scroll of brand weapon {unknown}
 l - a scroll of amnesia {unknown}
 m - 2 scrolls of fog {unknown}
 n - a scroll of noise {unknown}
 q - a scroll of poison
 t - 3 scrolls of fear {unknown}
Potions
 g - a potion of cancellation
 i - 4 potions of curing
 s - 2 potions of brilliance


   Skills:
 - Level 2.0 Fighting
 * Level 4.5 Long Blades
 - Level 1.0 Throwing
 - Level 1.1 Armour
 - Level 2.1 Dodging
 + Level 2.9 Spellcasting
 * Level 3.9 Translocations
 + Level 2.2 Air Magic


You had 3 spell levels left.
You knew the following spells:

 Your Spells              Type           Power      Damage    Failure   Level
a - Vhi's Electric Charg  Tloc/Air       20%        N/A       36%         3
b - Lesser Beckoning      Tloc           24%        N/A       14%         2
e - Blink                 Tloc           24%        N/A       14%         2

Your spell library contained the following spells:

 Spells                   Type           Power      Damage    Failure   Level
 Teleport Other           Tloc           12%        N/A       28%         3
 Manifold Assault         Tloc           12%        N/A       67%         4


Dungeon Overview and Level Annotations

Branches:
Dungeon (4/15)
 Temple: D:4-7

Altars:
Kikubaaqudgha
Makhleb

Shops:
D:3 ?

Annotations:
D:4 Blork the orc


Innate Abilities, Weirdness & Mutations

You have a beak for a mouth.
You have claws for feet.
Your magical nature lets you fly swiftly and evasively.


Message History

Aim: a kobold, wielding a +0 dagger (75% to hit)
You charge forward with an electric crackle!
Blork the orc comes into view.
He is wielding a +0 halberd.
You hit the kobold but do no damage.
The kobold is poisoned.
You claw the kobold.
The kobold is severely wounded.
Blork the orc shouts!
You kill the kobold!
Blork the orc gestures at you while chanting.
The puff of frost hits you!
Unknown command.
You throw a poisoned dart.
The poisoned dart closely misses Blork the orc.
Blork the orc casts a spell.
Blork the orc seems to speed up.
You throw a poisoned dart.
The poisoned dart barely misses Blork the orc.
You throw a poisoned dart. The poisoned dart hits Blork the orc.
You throw a poisoned dart. The poisoned dart hits Blork the orc.
Blork the orc is poisoned.
Blork the orc closely misses you.
An orc comes into view. It is wielding a +0 flail.
The orc shouts!
Blork the orc closely misses you.
Blork the orc hits you with a +0 halberd!
You are too injured to fight recklessly!
You are too injured to fight recklessly!
You hit Blork the orc but do no damage.
Blork the orc is lightly wounded.
Blork the orc misses you.
You hit Blork the orc.
Blork the orc looks even sicker.
Blork the orc is lightly wounded.
Blork the orc hits you with a +0 halberd!
* * * LOW HITPOINT WARNING * * *
You hit Blork the orc.
Blork the orc looks as sick as possible!
Your kick misses Blork the orc. You peck Blork the orc.
Blork the orc is moderately wounded.
Blork the orc casts a spell at you. The puff of flame hits you!
You die...

.###.....#
.........#
..#......#
.##......##
ยง##.......#
###).[....# # #
#.......##
####.#### #
#...##...##
##.o.o(...
##...####...###.@#
....## ##......##
...## ##....## .#
##...# #..#.#
#....## #.>### ###


You could see Blork the orc (fast, extremely poisoned) and an orc.

Vanquished Creatures
  An ogre (D:4)
  A bullfrog (D:4)
  An iguana (D:4)
  3 adders
  2 worms (D:2)
  A dart slug (D:1)
  6 orcs (D:3)
  12 bats
  4 endoplasms
  2 giant cockroaches (D:1)
  8 goblins
  2 hobgoblins
  4 jackals
  4 quokkas
  7 ball pythons
  A frilled lizard (D:2)
  10 kobolds
  7 rats
76 creatures vanquished.

Notes
Turn   | Place    | Note
-------+----------+-------------------------------------------
     0 | D:1      | mopl the Tengu Warper began the quest for the Orb.
     0 | D:1      | Reached XP level 1. HP: 12/12 MP: 4/4
   243 | D:1      | Reached XP level 2. HP: 15/17 MP: 6/6
   246 | D:1      | Learned a level 2 spell: Blink
   249 | D:1      | Learned a level 2 spell: Lesser Beckoning
   334 | D:1      | Found a faded altar of an unknown god.
   752 | D:2      | Reached XP level 3. HP: 21/21 MP: 7/7
   810 | D:2      | Reached skill level 3 in Long Blades
  1010 | D:2      | Reached skill level 3 in Translocations
  1091 | D:2      | Found a burning altar of Makhleb.
  1441 | D:2      | Reached XP level 4. HP: 26/26 MP: 8/8
  1445 | D:2      | Learned a level 3 spell: Vhi's Electric Charge
  1606 | D:3      | Found Irrairiz's Magic Scroll Shop.
  1613 | D:3      | Bought a scroll of identify for 26 gold pieces
  1613 | D:3      | Bought a scroll of identify for 26 gold pieces
  1613 | D:3      | Bought a scroll of teleportation for 39 gold pieces
  1613 | D:3      | Bought a scroll of poison for 52 gold pieces
  1867 | D:3      | Reached skill level 1 in Air Magic
  2061 | D:4      | Noticed a bullfrog
  2071 | D:4      | Killed a bullfrog
  2072 | D:4      | Reached skill level 4 in Long Blades
  2072 | D:4      | Gained mutation: Your magical nature lets you fly swiftly
                  | and evasively. [Tengu growth]
  2072 | D:4      | Reached XP level 5. HP: 20/30 MP: 8/10
  2268 | D:4      | Found an ancient bone altar of Kikubaaqudgha.
  2272 | D:4      | Noticed an ogre
  2288 | D:4      | Killed an ogre
  2289 | D:4      | Reached skill level 2 in Air Magic
  2289 | D:4      | Reached XP level 6. HP: 9/35 MP: 11/11
  2442 | D:4      | Noticed Blork the orc
  2451 | D:4      | Killed from afar by Blork the orc

Illustrated notes

Levels and vault maps discovered:
D:1:      nzn_arrival_depleted_hourglass, layout_basic, basic_ecumenical_altar,
          minmay_misc_feat_ornament
D:2:      layout_basic, basic_altar, grunt_decor_clamped,
          nicolae_figureground_pulse
D:3:      layout_basic, serial_shops, shop
D:4:      layout_layer_cave, mainiacjoe_overflow_concentric_impassable,
          uniq_blork_the_orc

Skill      XL: |  1  2  3  4  5 |
---------------+----------------+-----
Long Blades    | 3 4 |  4.5
Translocations | 3 |  3.9
Air Magic      | 1 2 |  2.2
Fighting       | |  2.0
Throwing       | |  1.0
Armour         | |  1.1
Dodging        | |  2.1
Spellcasting   | |  2.9

Action                     |  1- 3 |  4- 6 || total
---------------------------+-------+-------++-------
  Melee: Falchion          |    61 |       ||    61
         Kick              |    18 |    26 ||    44
         Peck              |    10 |    15 ||    25
         Punch             |     1 |     1 ||     2
         Dagger            |    28 |    76 ||   104
  Throw: Dart              |       |     8 ||     8
   Cast: Vhi's Electric Ch |       |     1 ||     1
    Use: Scroll            |       |     4 ||     4
         Potion            |       |     1 ||     1
   Stab: Sleeping          |     2 |       ||     2
 Armour: Leather armour    |    37 |     9 ||    46
         Ring mail         |       |    12 ||    12
  Dodge: Dodged            |    57 |    50 ||   107

Table legend: (Time is in decaauts)
 A = Elapsed time spent in this place.
 B = Non-inter-level travel time spent in this place.
 C = Inter-level travel time spent in this place.
 D = Time resting spent in this place.
 E = Time spent auto-exploring this place.
 F = Levels seen in this place.
 G = Mean time per level.
                   A        B        C        D        E       F      G
               +--------+--------+--------+--------+--------+-----+--------+
         Total |   2439 |   2311 |    128 |    235 |   1542 |   4 |  609.8 |
       Dungeon |   2439 |   2311 |    128 |    235 |   1542 |   4 |  609.8 |
               +--------+--------+--------+--------+--------+-----+--------+

Top non-repeatable levels by time:
     D:2: 770 daAuts
     D:1: 764 daAuts
     D:3: 579 daAuts
     D:4: 325 daAuts
